 Dungeon Crawl Stone Soup version 0.31.0-9-g3a7656b989 (webtiles) character file.

Game seed: 17019303323271084357

25 qw the Shooter (level 2, -6/14 HPs)
             Began as a Spriggan Hunter on Feb 2, 2024.
             Mangled by Sigmund
             ... wielding a +5 scythe of flaming
              (9 damage)
             ... on level 2 of the Dungeon.
             The game lasted 00:00:02 (753 turns).

qw the Shooter (Spriggan Hunter)                     Turns: 753, Time: 00:00:02

Health: -6/14      AC:  2    Str:  7    XL:     2   Next: 86%
Magic:  1/1        EV: 19    Int: 10    God:
Gold:   63         SH:  0    Dex: 18    Spells: 1/1 levels left

rFire   . . .        d - +5 orcbow (antimagic)
rCold   . . .        (shield currently unavailable)
rNeg    . . .        c - +0 robe
rPois   .            (helmet restricted)
rElec   .            (no cloak)
rCorr   +            (gloves unavailable)
SInv    +            (boots unavailable)
Will    .....        (no amulet)
Stlth   ++           f - ring of resist corrosion
HPRegen 0.22/turn    (no ring)
MPRegen 0.07/turn

%: no passive effects
@: very quick
A: very small, no large weapons, unfitting armour, see invisible, speed 3
a: no special abilities


You were on level 2 of the Dungeon.
You visited 1 branch of the dungeon, and saw 2 of its levels.

You collected 63 gold pieces.


Innate Abilities, Weirdness & Mutations

You are very small and have problems with some larger weapons.
You are too small for most types of armour.
You have supernaturally acute eyesight. (SInv)
You cover ground extremely quickly. (Speed+++)


   Skills:
 - Level 1.5 Fighting
 + Level 4.3 Ranged Weapons
 - Level 4.0 Dodging
 - Level 1.5 Stealth


You had one spell level left.
You didn't know any spells.
Your spell library was empty.

Inventory:

Hand Weapons
 d - a +5 antimagic orcbow (weapon)
Armour
 c - a +0 robe (worn)
Jewellery
 b - a ring of protection from cold
 f - a ring of resist corrosion (left hand)
Potions
 a - a potion of mutation {unknown}
 j - a potion of haste {unknown}

Dungeon Overview and Level Annotations

Branches:
Dungeon (2/15)

Altars:

Annotations:
D:2 Sigmund


Message History

You shoot an arrow. The arrow hits the endoplasm!
You kill the endoplasm!
You now have 61 gold pieces (gained 9).
a - an emerald potion A rat comes into view.
Found a knobbly runed staff.
You shoot an arrow. The arrow hits the rat!
You kill the rat!
You see here a staff of alchemy.
You open the door.
There is an open door here.
Found a stone staircase leading up.
You now have 63 gold pieces (gained 2).
You open the door.
There is an open door here.
b - a ring of protection from cold Sigmund the Dreaded comes into view.
He is wielding a +5 scythe of flaming.
Found 3 stones.
Sigmund shouts!
You shoot an arrow. The arrow closely misses Sigmund.
Sigmund points at you and mumbles some strange words.
The puff of flame hits you!
Ouch! That really hurt!
745 ||| FLEEEEING.
You start resting.
Sigmund is nearby!
You shoot an arrow. The arrow hits Sigmund.
Sigmund's magic leaks into the air.
Sigmund is lightly wounded.
You shoot an arrow. The arrow barely misses Sigmund.
Sigmund completely misses you.
You shoot an arrow. The arrow hits Sigmund.
Sigmund's magic leaks into the air.
Sigmund is moderately wounded.
Sigmund misses you.
You shoot an arrow. The arrow closely misses Sigmund.
Sigmund hits you but does no damage.
You shoot an arrow. The arrow closely misses Sigmund.
Sigmund hits you from afar with a +5 scythe of flaming!
Ouch! That really hurt!
You die...
Sigmund begins carving another notch in his scythe.

#..##.# #.###.# #.#
#.# #+#######.###.#
..........'...#
##......##### ###
#.......<..#
(...#.#'#....#.#
..$...#@######.#+##.#
....................#
....##.@######......#
.. +.... +......#
###... #......# ####.
#......# .. #......#
#@######.# .# .#


You could see Sigmund (magic disrupted).

Vanquished Creatures
  5 ball pythons (D:1)
  4 bats (D:1)
  3 endoplasms
  A giant cockroach (D:1)
  3 goblins (D:1)
  A hobgoblin (D:1)
  A quokka (D:1)
  A frilled lizard (D:1)
  A kobold (D:1)
  4 rats
24 creatures vanquished.

Notes
Turn   | Place    | Note
-------+----------+-------------------------------------------
     0 | D:1      | qw the Spriggan Hunter began the quest for the Orb.
     0 | D:1      | Reached XP level 1. HP: 10/10 MP: 2/2
     0 | D:1      | 0 ||| qw: Version: 0.3-a-155-g5e7d8dd
     0 | D:1      | 0 ||| qw: Game counter: 822
     0 | D:1      | 0 ||| qw: Melee chars always use a shield: true
     0 | D:1      | 0 ||| qw: God list: Okawaru
     0 | D:1      | 0 ||| qw: Allow faded altars: false
     0 | D:1      | 0 ||| qw: Do Orc after clearing Dungeon:15 true
     0 | D:1      | 0 ||| qw: Do second Lair branch before Depths: true
     0 | D:1      | 0 ||| qw: Lair rune preference: random
     0 | D:1      | 0 ||| qw: Goals: Normal
     0 | D:1      | 0 ||| PLANNING D:1-11
    45 | D:1      | Reached skill level 3 in Dodging
   104 | D:1      | Reached XP level 2. HP: 14/14 MP: 3/3
   509 | D:1      | 509 ||| DROPPING amulet of magic regeneration.
   510 | D:1      | 510 ||| UPGRADING to ring of resist corrosion.
   511 | D:1      | 511 ||| READING scroll labelled HUUGOE PUN FEU.
   536 | D:1      | 536 ||| READING scroll labelled FOXEUD JIGORPH.
   637 | D:1      | 637 ||| READING scroll labelled BUBORGH GOTWUCUH.
   637 | D:1      | Identified a scroll of acquirement
   637 | D:1      | 637 ||| ACQUIRING +5 antimagic orcbow
   637 | D:1      | Acquired a +5 antimagic orcbow
   639 | D:1      | 639 ||| SWAPPING to +5 antimagic orcbow.
   640 | D:1      | 640 ||| DROPPING +0 shortbow.
   641 | D:1      | 641 ||| READING scroll labelled ETWEKK BIPH.
   642 | D:1      | 642 ||| DROPPING scroll of butterflies.
   743 | D:2      | Noticed Sigmund
   744 | D:2      | HP: 1/14 [Sigmund/puff of flame (13)]
   745 | D:2      | 745 ||| FLEEEEING.
   753 | D:2      | Mangled by Sigmund

Levels and vault maps discovered:
D:1:      nzn_arrival_depleted_hourglass, layout_basic
D:2:      layout_basic, dreamdust_ecumenical_altar_angels_and_demons,
          minmay_door_square, uniq_sigmund

Skill      XL: |  1  2 |
---------------+-------+-----
Dodging        | 3 4 |  4.0
Fighting       | |  1.5
Ranged Weapons | |  4.3
Stealth        | |  1.5

Action                     || total
---------------------------++-------
   Fire: Shortbow          ||    56
         Orcbow            ||     8
    Use: Scroll            ||     4
 Armour: Robe              ||    10
  Dodge: Dodged            ||    24

Table legend:
 A = Non-vault XP
 B = Vault XP
 C = Vault XP percentage of total XP
 D = Non-vault monster count
 E = Vault monster count
 F = Vault count percentage of total count
                 A         B        C        D         E       F
            +---------+---------+-------+---------+---------+-------
      Total |      37 |       0 |   0.0 |      24 |       0 |   0.0
            +---------+---------+-------+---------+---------+-------
        D:1 |      34 |       0 |   0.0 |      22 |       0 |   0.0
        D:2 |       3 |       0 |   0.0 |       2 |       0 |   0.0
            +---------+---------+-------+---------+---------+-------
